 Dungeon Crawl Stone Soup version 0.17.1-2-g5865329 (webtiles) character file.

359 Jerry the Ducker (level 6, 0/34 HPs)
             Began as a Deep Elf Hunter on Jan 29, 2016.
             Slain by Duvessa
             ... wielding a +0 short sword
              (4 damage)
             ... on level 5 of the Dungeon.
             The game lasted 00:14:48 (3048 turns).

Jerry the Ducker (Deep Elf Hunter)                  Turns: 3048, Time: 00:14:48

Health: 0/34       AC:  4    Str:  9    XL:     6   Next: 37%
Magic:  8/8        EV: 14    Int: 16    God:
Gold:   244        SH:  0    Dex: 17    Spells: 0 memorised, 5 levels left

rFire  . . .     SeeInvis .     r - +2 dagger (elec)
rCold  + . .     Clarity  .     c - +0 leather armour
rNeg   . . .     SustAt   .     (no shield)
rPois  .         Gourm    .     (no helmet)
rElec  .         Spirit   .     (no cloak)
rCorr  .         Warding  .     t - +0 pair of gloves
rMut   .         Stasis   .     (no boots)
MR     .....                    n - amulet of regeneration
Stlth  +.........               q - ring of protection from cold
                                x - ring of loudness (curse)

@: glowing, not resistant to hostile enchantments, very unstealthy
A: no striking features
a: no special abilities


You were on level 5 of the Dungeon.
You were hungry.

You visited 1 branch of the dungeon, and saw 5 of its levels.

You collected 244 gold pieces.

Inventory:

Hand Weapons
 a - a +1 hunting sling
 b - a +0 short sword
 r - a +2 dagger of electrocution (weapon)
Missiles
 f - 17 sling bullets
 k - 118 stones (quivered)
 z - 19 poisoned sling bullets
Armour
 c - a +0 leather armour (worn)
 l - a +0 buckler
 t - a +0 pair of gloves (worn)
Jewellery
 n - an amulet of regeneration (around neck)
 q - a ring of protection from cold (right hand)
 x - a cursed ring of loudness (left hand)
Scrolls
 g - a scroll of random uselessness {unknown}
 j - 4 scrolls of identify
 m - a scroll of remove curse
 o - a scroll of teleportation
 s - a scroll of fog {unknown}
 v - 2 scrolls of blinking {unknown}
 y - a scroll of enchant armour {unknown}
Potions
 d - 2 potions of brilliance {unknown}
 i - a potion of invisibility {unknown}
 w - a potion of degeneration {unknown}
Books
 A - a book of Maledictions

   Spells                             Type                      Level
   a - Corona                         Hexes                        1
   b - Ensorcelled Hibernation        Hexes/Ice                    2
   c - Confuse                        Hexes                        3
   d - Tukima's Dance                 Hexes                        3
   e - Dazzling Spray                 Conjuration/Hexes            3
Comestibles
 e - 3 bread rations
 h - 2 slices of pizza
 p - 2 meat rations
 u - a beef jerky


   Skills:
 - Level 1.5 Fighting
 + Level 4.4 Slings
 + Level 5.1 Dodging
 - Level 2.0 Stealth
 + Level 2.7 Shields


You had 5 spell levels left.
You didn't know any spells.

Dungeon Overview and Level Annotations

Branches:
Dungeon (5/15)
 Temple: D:4-7

Altars:
Nemelex Xobeh
Sif Muna
Vehumet

Annotations:
D:5 Dowan, Duvessa


Message History

You barely miss Duvessa.
Duvessa is heavily wounded.
The adder bites you but does no damage. Duvessa barely misses you.
Dowan casts a spell at Duvessa.
Duvessa seems to speed up.
The adder barely misses you.
You hit Duvessa but do no damage.
Duvessa is heavily wounded.
Duvessa hits you with a short sword!
* * * LOW HITPOINT WARNING * * *
The adder misses you. Duvessa hits you with a short sword.
* * * LOW HITPOINT WARNING * * *
Dowan closely misses you.
You hit Duvessa.
Duvessa is heavily wounded.
Duvessa barely misses you. The adder bites you but does no damage.
Dowan hits you but does no damage.
You closely miss Duvessa.
Duvessa is heavily wounded.
Duvessa hits you with a short sword.
You die...

##+############
...............
...............
...............
......eS.......
......e@.......
..#####'######.
#.....#....#
#.....'....#
#.....#....#
#.....#....#
#.....#....#
####..##..##
... #..##+##


You could see Duvessa, Dowan and an adder.

Vanquished Creatures
  Purgy (D:3)
  An orc wizard (D:3)
  5 worker ants (D:4)
  3 adders
  A gnoll (D:1)
  A worm (D:3)
  3 orcs
  6 giant cockroaches
  6 hobgoblins
  6 kobolds
  6 bats
  5 giant geckos
  A giant gecko skeleton (D:4)
  6 giant newts
  8 goblins
  A quokka (D:2)
  A quokka skeleton (D:4)
  8 rats
69 creatures vanquished.

Notes
Turn   | Place    | Note
--------------------------------------------------------------
     0 | D:1      | Jerry the Deep Elf Hunter began the quest for the Orb.
     0 | D:1      | Reached XP level 1. HP: 12/12 MP: 3/3
   201 | D:1      | Reached XP level 2. HP: 16/16 MP: 4/4
   582 | D:1      | Reached XP level 3. HP: 20/20 MP: 5/5
  1030 | D:2      | Found a radiant altar of Vehumet.
  1031 | D:2      | Found a sparkling altar of Nemelex Xobeh.
  1068 | D:2      | Reached skill level 1 in Shields
  1296 | D:2      | Found a deep blue altar of Sif Muna.
  1545 | D:3      | Reached XP level 4. HP: 25/25 MP: 6/6
  2241 | D:4      | Reached skill level 4 in Slings
  2241 | D:4      | Reached XP level 5. HP: 23/29 MP: 7/7
  2242 | D:4      | Noticed Purgy
  2364 | D:3      | Killed Purgy
  2443 | D:4      | HP: 1/29 [poisoned by a worker ant]
  2523 | D:4      | Reached XP level 6. HP: 34/34 MP: 8/8
  2563 | D:4      | Reached skill level 5 in Dodging
  3014 | D:5      | Entered Level 5 of the Dungeon
  3036 | D:5      | Noticed Duvessa
  3036 | D:5      | Noticed Dowan
  3048 | D:5      | Slain by Duvessa

Action                   |  1- 3 |  4- 6 || total
-------------------------+-------+-------++-------
Melee: Dagger            |       |    92 ||    92
 Fire: Hunting sling     |   109 |    83 ||   192
  Use: Scroll            |       |     5 ||     5
       Potion            |       |     6 ||     6
  Eat: Chunk             |     2 |     5 ||     7
